 Dungeon Crawl Stone Soup version 0.29.1-15-g9cfb28693d (webtiles) character file.

Game seed: 3794596422734099962

71 H0rd4k the Charlatan (level 4, 0/30 HPs)
             Began as an Octopode Artificer on Mar 10, 2023.
             Succumbed to a goblin's poison
             ... on level 2 of the Dungeon.
             The game lasted 00:02:22 (2092 turns).

H0rd4k the Charlatan (Octopode Artificer)           Turns: 2092, Time: 00:02:23

Health: 0/30       AC:  1    Str: 11    XL:     4   Next: 24%
Magic:  6/6        EV: 13    Int: 15    God:
Gold:   56         SH:  0    Dex: 12    Spells: 6/6 levels left

rFire   . . .      SeeInvis +     - Unarmed
rCold   . . .      Faith    .   (no shield)
rNeg    . . .      Spirit   .   (helmet restricted)
rPois   .          Reflect  .   (no amulet)
rElec   .          Harm     .   j - ring of see invisible
rCorr   .          Rampage  .   (no ring)
Will    .....                   (no ring)
Stlth   ++........              (no ring)
HPRegen 0.10/turn               (no ring)
MPRegen 0.10/turn               (no ring)
                                (no ring)
                                (no ring)

@: confused, lethally poisoned (0 -> -25), ambrosia-drunk
A: almost no armour, amphibious, 8 rings, camouflage 1, gelatinous body 1,
(nimble swimmer 1), tentacles
a: no special abilities


You were on level 2 of the Dungeon.
You visited 1 branch of the dungeon, and saw 2 of its levels.

You collected 56 gold pieces.

Inventory:

Missiles
 l - 4 poisoned darts
Jewellery
 j - a ring of see invisible (left tentacle)
Wands
 b - a wand of flame (15) (quivered)
 c - a wand of charming (13)
 d - a wand of iceblast (5)
 k - a wand of roots (6)
Scrolls
 a - a scroll of teleportation {unknown}
 e - a scroll of blinking {unknown}
 f - a scroll of fear {unknown}
 g - a scroll of brand weapon {unknown}
 i - a scroll of vulnerability {unknown}


   Skills:
 * Level 2.3 Fighting
 - Level 2.3 Dodging
 - Level 1.3 Stealth
 + Level 1.9 Unarmed Combat
 * Level 1.8 Spellcasting
 - Level 3.2 Evocations


You had 6 spell levels left.
You didn't know any spells.
Your spell library contained the following spells:

 Spells                   Type           Power      Damage    Failure   Level
 Ensorcelled Hibernation  Hex/Ice        2%         N/A       34%         2
 Conjure Flame            Conj/Fire      1%         6-21      56%         3
 Ignite Poison            Fire/Tmut/Pois 1%         N/A       56%         3
 Spider Form              Tmut/Pois      1%         N/A       56%         3
 Anguish                  Hex/Necr       0%         N/A       92%         4
 Sticky Flame             Conj/Fire      1%         2d3       92%         4


Dungeon Overview and Level Annotations

Branches:
Dungeon (2/15)

Altars:

Shops:
D:1 (   D:2 =


Innate Abilities, Weirdness & Mutations

You cannot wear most types of armour.
You are amphibious.
You can wear up to eight rings at the same time.
Your skin changes colour to match your surroundings (Stealth+).
Your rubbery body absorbs attacks. (AC +1, EV +1)
((You are camouflaged when in or above water. (Stealth+)))
You have tentacles for arms and can constrict up to eight enemies at once.


Message History

You are frozen.
There are monsters nearby!
You tentacle-slap the endoplasm.
The endoplasm is severely wounded.
The goblin hits you with a +1 dagger of venom.
You are poisoned.
The endoplasm freezes you.
You are frozen.
You tentacle-slap the endoplasm.
You squeeze the endoplasm, but do no damage.
The endoplasm is almost dead.
You feel sick.
The goblin hits you with a +1 dagger of venom.
You are more poisoned.
The endoplasm hits you.
You barely miss the goblin. Your grab misses the goblin.
You feel very sick.
The goblin hits you with a +1 dagger of venom.
You are more poisoned.
The endoplasm hits you but does no damage.
You closely miss the goblin. You grab the goblin. You constrict the goblin.
* * * LOW HITPOINT WARNING * * *
You feel very sick. The goblin misses you. The endoplasm freezes you.
You are frozen.
* * * LOW HITPOINT WARNING * * *
Okay, then.
It was a potion of ambrosia.
You are confused.
You feel invigorated.
You constrict the goblin.
* * * LOW HITPOINT WARNING * * *
You feel very sick. The goblin closely misses you.
The endoplasm closely misses you.
You release your grip on the goblin.
The goblin attacks as you move away!
The goblin hits you with a +1 dagger of venom.
* * * LOW HITPOINT WARNING * * *
You are more poisoned.
The endoplasm attacks as you move away! The endoplasm closely misses you.
You die...

#######
##.....##
##.......##
#.........#
#.........#
#..Jg...$.#
#.........###
#..@........
#.......?.#
#.........#
#.........#
#######
#.........#
#.....#
#.........#
#.....#
##.......##
#.....
#.....#
##.....##
#.....
#.....#
####.##
#.....


You could see an endoplasm and a goblin.

Vanquished Creatures
  3 adders (D:2)
  3 dart slugs (D:1)
  4 bats
  5 endoplasms
  4 giant cockroaches (D:1)
  4 goblins
  2 hobgoblins (D:1)
  3 jackals (D:1)
  2 ball pythons (D:1)
  3 frilled lizards
  A kobold (D:1)
34 creatures vanquished.

Vanquished Creatures (collateral kills)
  A jackal (D:1)
  A kobold (D:2)
2 creatures vanquished.

Vanquished Creatures (others)
  An adder (D:2)
1 creature vanquished.

Grand Total: 37 creatures vanquished

Notes
Turn   | Place    | Note
-------+----------+-------------------------------------------
     0 | D:1      | H0rd4k the Octopode Artificer began the quest for the Orb.
     0 | D:1      | Reached XP level 1. HP: 13/13 MP: 1/1
     7 | D:1      | Found a faded altar of an unknown god.
   382 | D:1      | Reached XP level 2. HP: 17/18 MP: 3/3
   452 | D:1      | Reached skill level 1 in Spellcasting
   732 | D:1      | Reached XP level 3. HP: 23/24 MP: 4/4
   853 | D:1      | Found Duewn's Weapon Shop.
   929 | D:1      | Reached skill level 1 in Unarmed Combat
  1327 | D:2      | Found Vereapha's Jewellery Shop.
  1738 | D:2      | Reached XP level 4. HP: 8/29 MP: 6/6
  2092 | D:2      | HP: 1/30 [goblin/+1 dagger of venom (3)]
  2092 | D:2      | Succumbed to a goblin's poison

Illustrated notes

Levels and vault maps discovered:
D:1:      co_arrival_two_rings, layout_basic, serial_shops, shop,
          basic_ecumenical_altar, minmay_small_reverse_x
D:2:      layout_rooms, serial_shops, nicolae_shop_statue_plus

Skill      XL: |  1  2  3 |
---------------+----------+-----
Spellcasting   | 1 |  1.8
Fighting       | 2 |  2.3
Unarmed Combat | 1 |  1.9
Dodging        | |  2.3
Stealth        | |  1.3
Evocations     | |  3.2

Action                   |  1- 3 |  4- 6 || total
-------------------------+-------+-------++-------
Melee: Unarmed           |    86 |    11 ||    97
       Constrict         |    23 |     3 ||    26
       Tentacles         |    18 |     3 ||    21
       Punch             |     2 |       ||     2
Evoke: Wand              |     1 |     1 ||     2
  Use: Potion            |       |     2 ||     2
 Stab: Sleeping          |    17 |       ||    17
Armor: Skin              |     8 |     2 ||    10
Dodge: Dodged            |    55 |     9 ||    64
